 Dungeon Sprint DCSS version 0.30-a0-956-gcec3b41aec (webtiles) character file.

Game seed: 6585161505219485586

135 sircluck the Cleaver (level 5, -2/53 HPs)
             Began as a Hill Orc Berserker on Mar 29, 2023.
             Was an Elder of Trog.
             Slain by Blork the orc
             ... wielding a +0 war axe
              (6 damage)
             ... in the Dungeon (Sprint VII: "The Pits").
             The game lasted 00:01:43 (199 turns).

sircluck the Cleaver (Hill Orc Berserker)            Turns: 199, Time: 00:01:43

Health: -2/53      AC: 10    Str: 22    XL:     5   Next: 18%
Magic:  5/5        EV: 11    Int:  7    God:    Trog [****..]
Gold:   0          SH:  0    Dex: 10    Spells: 4/4 levels left

rFire   . . .      SeeInvis .    l - +2 hand axe
rCold   . . .      Faith    .    (no shield)
rNeg    . . .      Spirit   .    q - +3 scale mail
rPois   .          Reflect  .    (no helmet)
rElec   .          Rampage  .    (no cloak)
rCorr   .          NoTele   +    (no gloves)
Will    .....                    (no boots) Stlth
                                 (no amulet)
HPRegen 0.28/turn                (no ring)
MPRegen 0.09/turn                (no ring)

@: on berserk cooldown, slowed, very slow
A: no striking features
a: Renounce Religion, Berserk, Trog's Hand, Brothers in Arms


You were in the Dungeon.
You worshipped Trog.
Trog was greatly pleased with you.
You visited 1 branch

Inventory:

Hand Weapons
 a - a +0 hand axe
 l - a +2 hand axe (weapon)
 m - a +2 mace
 n - a +0 heavy hand axe
 o - a +1 long sword of flaming
 p - a +0 dagger of electrocution
Missiles
 k - 10 stones (quivered)
Armour
 b - a +0 animal skin
 q - a +3 scale mail (worn)
 r - a +2 plate armour
Scrolls
 h - a scroll of blinking
 j - a scroll of summoning
Potions
 c - 6 potions of curing
 d - 5 potions of heal wounds
 e - a potion of haste
 f - 4 potions of magic
 g - 3 potions of berserk rage
 i - 2 potions of invisibility


   Skills:
 + Level 7.8 Fighting
 + Level 8.9 Axes
 + Level 4.3 Armour
 + Level 3.6 Dodging
 + Level 0.3 Stealth


You had 4 spell levels left.
You didn't know any spells.
Your spell library was empty.

Dungeon Overview and Level Annotations

Branches:
Dungeon (1/1)

Altars:
Gozag
Hepliaklqana
Sif Muna
Trog
Jiyva

Annotations:
D Blork the orc


Message History

Blork the orc is moderately wounded.
You hit the worm but do no damage.
The gnoll hits you from afar with a +0 spear.
Blork the orc hits you with a +0 war axe.
The worm closely misses you. The gnoll hits you but does no damage.
Blork the orc hits you with a +0 war axe!
You barely miss Blork the orc.
Blork the orc is moderately wounded.
You hit the worm.
Blork the orc looks satisfied for a moment.
The worm closely misses you.
The gnoll hits you from afar with a +0 spear.
Unknown command.
You hit Blork the orc but do no damage.
Blork the orc is moderately wounded.
You barely miss the worm. Blork the orc closely misses you.
Blork the orc hits you with a +0 war axe.
* * * LOW HITPOINT WARNING * * *
The gnoll hits you but does no damage. The worm closely misses you.
Unknown command.
You slash the worm!
You kill the worm!
Trog accepts your kill.
You hit Blork the orc. Blork the orc casts a spell at you.
The magic dart hits you.
* * * LOW HITPOINT WARNING * * *
The gnoll hits you from afar with a +0 spear.
* * * LOW HITPOINT WARNING * * *
Blork the orc hits you but does no damage.
Unknown command.
You barely miss Blork the orc.
Blork the orc is heavily wounded.
Blork the orc looks satisfied for a moment.
The gnoll hits you but does no damage. Blork the orc misses you.
The gnoll closely misses you.
You barely miss Blork the orc.
Blork the orc is heavily wounded.
Blork the orc hits you with a +0 war axe.
You die...

#.#))#####†#####'##
#.#.)#.....##......
#.#..#.....##......
#.#..###'####......
#.##'#.)†..##...<..
#.#........##......
#.#........##......
#'###########......
#.@# #######
#.†o....# ##.#g#.##
...... #.#.#.# ....
..# #.# # .+ ### #


You could see Blork the orc (fast) and a gnoll.

Vanquished Creatures
  A floating eye (D)
  A gnoll (D)
  An adder (D)
  An ufetubus (D)
  A worm (D)
  2 ball pythons (D)
  An endoplasm (D)
  A giant cockroach (D)
  A hobgoblin (D)
  A quokka (D)
  A bat (D)
  A rat (D)
13 creatures vanquished.

Notes
Turn   | Place    | Note
-------+----------+-------------------------------------------
     0 | D        | sircluck the Hill Orc Berserker began the quest for the
                  | Orb.
     0 | D        | Reached XP level 1. HP: 19/19 MP: 1/1
    23 | D        | Found a bloodstained altar of Trog.
    23 | D        | Found a shimmering blue altar of Sif Muna.
    23 | D        | Found a viscous altar of Jiyva.
    23 | D        | Found a hazy altar of Hepliaklqana.
    23 | D        | Found an opulent altar of Gozag.
    59 | D        | Reached ** piety under Trog
    60 | D        | Reached skill level 5 in Axes
    60 | D        | Reached XP level 2. HP: 13/28 MP: 2/2
    74 | D        | Noticed a floating eye
    79 | D        | Paralysed by a floating eye for 2 turns
    81 | D        | Killed a floating eye
    82 | D        | Reached skill level 8 in Axes
    82 | D        | Reached XP level 3. HP: 36/39 MP: 3/3
    82 | D        | Reached XP level 4. HP: 43/47 MP: 4/4
    82 | D        | Reached XP level 5. HP: 48/52 MP: 5/5
   101 | D        | Reached *** piety under Trog
   184 | D        | Noticed Blork the orc
   191 | D        | Reached **** piety under Trog
   199 | D        | Slain by Blork the orc

Illustrated notes

Levels and vault maps discovered:
D:        pitsprint [storerooms_1, entrance_room_1, metal_vault_5, armoury_1,
          mini_pit_1, grid_room_1, main_hall_1, silver_pit, the_coven_1,
          the_vestibule_1, steel_vault_1, golden_pit, hallway_of_sentries,
          crystal_vault_6, iron_vault_5, final_vault]

Skill      XL: |  1  2 |
---------------+-------+-----
Fighting       | 4 7 |  7.8
Axes           | 5 8 |  8.9
Dodging        | 2 3 |  3.6
Armour         | 4 |  4.3
Stealth        | |  0.3

Action                     |  1- 3 |  4- 6 || total
---------------------------+-------+-------++-------
  Melee: Hand axe          |    19 |    27 ||    46
 Invoke: Berserk           |       |     1 ||     1
    Use: Potion            |     1 |       ||     1
   Stab: Sleeping          |     1 |       ||     1
 Armour: Animal skin       |     2 |     1 ||     3
         Scale mail        |       |     9 ||     9
  Dodge: Dodged            |    17 |    30 ||    47

Table legend: (Time is in decaauts)
 A = Elapsed time spent in this place.
 B = Non-inter-level travel time spent in this place.
 C = Inter-level travel time spent in this place.
 D = Time resting spent in this place.
 E = Time spent auto-exploring this place.
 F = Levels seen in this place.
 G = Mean time per level.
                   A        B        C        D        E       F      G
               +--------+--------+--------+--------+--------+-----+--------+
         Total |    199 |    172 |     27 |     13 |      0 |   1 |  199.0 |
       Dungeon |    199 |    172 |     27 |     13 |      0 |   1 |  199.0 |
               +--------+--------+--------+--------+--------+-----+--------+

Top non-repeatable levels by time:
       D: 199 daAuts
